Map: Cosmic Sapphire

Players

A.I. 1 (Harder)

  • Race: Zerg Zerg
  • Spawn Location: 11:00

Tino - Winner!

  • Race: Protoss Protoss
  • Spawn Location: 5:00

VOD

Have the link to the VOD?

Description

Time

  • Played on: Feb. 2, 2023, 4:23 p.m.
  • Length: 19:13
Show
View Real Time Build Order
Export as new Build Order

A.I. 1 (Harder) Zerg 

Build Orders: 1 Base Baneling Bust, Pool First 

Get SALT Encoding   

  12  0:00  Drone  
  13  0:12  Overlord  
  13  0:16  Drone  
  14  0:31  Drone x2  
  16  0:42  Spawning Pool  
  15  0:45  Drone  
  15  0:49  Drone  
  17  0:52  Extractor  
  17  0:56  Drone  
  17  1:06  Overlord  
  17  1:30  Queen  
  17  1:31  Zergling x2  
  20  1:36  Roach Warren  
  20  1:38  Drone  
  20  1:42  Extractor  
  20  1:43  Zergling x2  
  20  1:49  Drone  
  21  2:00  Drone  
  22  2:10  Lair  
  22  2:12  Drone  
  23  2:25  Drone  
  24  2:32  Overlord  
  24  3:10  Hydralisk Den, Drone  
  24  3:39  Hydralisk  
  24  3:40  Drone, Lurker Den  
  26  3:43  Overlord  
  26  3:51  Hydralisk  
  28  4:01  Drone x3, Evolution Chamber  
  30  4:03  Drone  
  30  4:07  Hydralisk  
  33  4:12  Overlord  
  33  4:14  Drone  
  34  4:19  Drone, Hydralisk  
  37  4:30  Drone  
  38  4:32  Baneling Nest  
  37  4:38  Lurker x2  
  37  4:41  Hydralisk  
  37  4:44  Drone  
  42  4:51  Overlord  
  42  4:52  Hydralisk  
  44  5:03  Hydralisk  
  46  5:15  Hydralisk  
  48  5:43  Overlord, Roach, Zerg Melee Weapons Level 1  
  50  5:50  Roach  
  50  5:51  Hatchery  
  51  5:57  Roach  
  53  6:04  Roach  
  55  6:12  Roach  
  57  6:25  Zergling x2  
  51  6:34  Burrow  
  38  6:44  Hydralisk  
  40  6:52  Hydralisk  
  42  7:01  Hydralisk  
  42  7:04  Drone x3  
  42  7:05  Drone x2  
  49  7:09  Drone  
  49  7:13  Drone  
  49  7:14  Extractor  
  50  7:18  Extractor  
  50  7:20  Drone  
  50  7:23  Drone x2, Roach  
  50  7:24  Drone  
  55  7:32  Drone  
  55  7:34  Drone  
  57  7:37  Zerg Ground Armor Level 1  
  57  7:43  Drone  
  58  7:45  Drone  
  59  7:53  Drone  
  59  7:54  Overlord, Roach  
  59  7:55  Drone  
  59  7:56  Drone  
  64  8:05  Drone  
  65  8:06  Drone  
  65  8:12  Overseer  
  59  8:16  Roach  
  59  8:17  Drone  
  50  8:26  Drone, Roach  
  51  8:27  Drone  
  51  8:28  Drone  
  51  8:33  Roach  
  55  8:39  Drone  
  55  8:40  Roach  
  58  8:43  Drone  
  58  8:45  Drone x2  
  55  8:48  Roach  
  55  8:54  Spore Crawler  
  41  8:56  Spore Crawler  
  41  8:58  Drone x2  
  41  8:59  Drone  
  41  9:02  Drone  
  32  9:03  Roach  
  31  9:11  Roach  
  31  9:16  Drone  
  29  9:21  Roach  
  31  9:29  Hydralisk  
  31  9:30  Drone  
  32  9:33  Drone  
  32  9:34  Hatchery  
  32  9:37  Roach  
  26  9:44  Zergling x2  
Show
View Real Time Build Order
Export as new Build Order

Tino Protoss - Winner!

Build Orders: 1 Gate Expand 

Get SALT Encoding   

  12  0:00  Probe  
  13  0:12  Probe  
  14  0:24  Pylon  
  14  0:31  Probe  
  15  0:43  Probe  
  15  0:44  Gateway  
  16  0:56  Probe (Chrono Boost)  
  17  1:03  Assimilator  
  17  1:06  Probe (Chrono Boost)  
  18  1:11  Probe (Chrono Boost)  
  19  1:22  Probe  
  20  1:30  Nexus  
  20  1:44  Cybernetics Core  
  20  1:56  Pylon  
  20  2:05  Probe  
  21  2:15  Stalker  
  21  2:17  Probe  
  22  2:23  Warp Gate (Chrono Boost)  
  22  2:29  Probe  
  25  2:41  Probe  
  25  2:43  Probe  
  27  2:59  Robotics Facility  
  27  3:10  Assimilator  
  27  3:11  Probe (Chrono Boost)  
  27  3:12  Probe (Chrono Boost)  
  29  3:22  Probe x2 (Chrono Boost)  
  29  3:25  Twilight Council  
  31  3:27  Probe x2 (Chrono Boost)  
  31  3:31  Adept  
  35  4:00  Observer (Chrono Boost)  
  36  4:11  Probe x2  
  36  4:14  Immortal (Chrono Boost)  
  36  4:15  Assimilator  
  36  4:17  Assimilator  
  42  4:23  Probe x2  
  44  4:24  Resonating Glaives  
  44  4:30  Pylon  
  44  4:35  Probe x2  
  46  4:55  Gateway  
  46  4:56  Gateway  
  46  5:00  Gateway x2  
  46  5:02  Gateway  
  46  5:05  Pylon  
  46  5:06  Pylon  
  46  5:08  Pylon  
  46  5:10  Pylon, Immortal (Chrono Boost)  
  50  5:20  Probe x2  
  52  5:28  Adept  
  54  5:32  Probe x2  
  56  5:42  Templar Archives  
  56  5:44  Probe  
  56  5:45  Probe  
  58  5:54  Pylon  
  58  5:56  Probe  
  58  5:57  Probe, Immortal (Chrono Boost)  
  64  6:09  Charge  
  64  6:12  Adept x2  
  64  6:13  Adept x4  
  74  6:29  Warp Prism (Chrono Boost)  
  68  6:58  Observer (Chrono Boost)  
  69  7:10  Zealot x4  
  69  7:11  Zealot x2  
  69  7:12  Nexus  
  81  7:35  Zealot x6  
  93  7:44  Pylon  
  93  7:45  Pylon  
  93  7:47  Pylon  
  93  7:49  Pylon  
  84  8:39  Adept x6  
  96  9:06  High Templar x6  
  108  9:15  Archon x3  
  108  9:44  Zealot x6  
Tags
 
Add a new tag
Caveats
  • Supply blocks, unpowered buildings, or Contaminate may cause inaccurate times.
  • Supply counts are checked every 10 seconds.